 Dungeon Crawl Stone Soup version 0.30.0 (webtiles) character file.

Game seed: 8999337891171250010

25042 Dani the Cleaver (level 12, -18/97 HPs)
             Began as a Demonspawn Fighter on May 20, 2023.
             Was a High Priest of Okawaru.
             Demolished by a death yak (20 damage)
             ... on level 4 of the Lair of Beasts.
             The game lasted 00:27:52 (13739 turns).

Dani the Cleaver (Demonspawn Fighter)              Turns: 13739, Time: 00:27:52

Health: -18/97     AC: 15    Str: 13    XL:     12   Next: 86%
Magic:  16/16      EV: 15    Int: 11    God:    Okawaru [*****.]
Gold:   883        SH:  8    Dex: 15    Spells: 11/11 levels left

rFire   . . .        a - +4 broad axe (flame)
rCold   + . .        c - +0 buckler
rNeg    . . .        o - +0 scale mail
rPois   .            g - +0 helmet
rElec   +            n - scarf of Meiben {repulsion, rElec rC+ Str-5 Slay+5}
rCorr   .            (no gloves)
SInv    .            L - +0 pair of boots
Will    .....        y - amulet of regeneration
Stlth   ++           (no ring)
HPRegen 1.16/turn    (no ring)
MPRegen 0.30/turn

%: repel missiles
@: heroic
A: claws 2, yellow scales 1, powered by death 1, magic regeneration
a: Renounce Religion, Heroism, Finesse, Duel


You were on level 4 of the Lair of Beasts.
You worshipped Okawaru.
Okawaru was extremely pleased with you.
You visited 2 branches of the dungeon, and saw 14 of its levels.
You also visited: Sewer.

You collected 883 gold pieces.

Inventory:

Hand Weapons
 a - a +4 broad axe of flaming (weapon)
   (Okawaru gifted it to you on level 2 of the Lair of Beasts)
 b - the +10 spear of Voeb {venom, Int+3}
   (You found it on level 6 of the Dungeon)

   Int:       It affects your intelligence (+3).
 K - a +0 war axe
 M - a +2 war axe of electrocution
   (Okawaru gifted it to you on level 10 of the Dungeon)
Missiles
 f - 49 poisoned darts
 B - 4 curare-tipped darts (quivered)
 Z - 5 throwing nets
Armour
 c - a +0 buckler (worn)
 e - a +0 cloak
   (You found it on level 2 of the Dungeon)
 g - a +0 helmet (worn)
   (You took it off Robin on level 2 of the Dungeon)
 n - the scarf of Meiben (worn) {repulsion, rElec rC+ Str-5 Slay+5}
   (You acquired it on level 3 of the Dungeon)

   Str:       It affects your strength (-5).
   Slay:      It affects your accuracy & damage with ranged weapons and melee
   (+5).
   rC:        It protects you from cold.
   rElec:     It insulates you from electricity.
 o - a +0 scale mail (worn)
 L - a +0 pair of boots (worn)
   (You found it on level 10 of the Dungeon)
Jewellery
 i - a ring of ice
   (You found it on level 2 of the Dungeon)
 k - the ring of Tauziepp {Ice rCorr Str+3}
   (You found it on level 2 of the Dungeon)

   [ring of ice]

   It enhances your ice magic.
   Str:       It affects your strength (+3).
   rF:        It makes you vulnerable to fire.
   rC:        It protects you from cold.
   rCorr:     It protects you from acid and corrosion.
 y - an amulet of regeneration (around neck)
   (You found it on level 2 of the Lair of Beasts)
 J - an amulet of reflection
   (You found it on level 10 of the Dungeon)
 P - a +6 ring of intelligence
   (You found it on level 5 of the Dungeon)
 S - a ring of magical power
   (You found it on level 3 of the Lair of Beasts)
Wands
 h - a wand of roots (3)
   (You found it on level 4 of the Lair of Beasts)
 D - a wand of digging (10)
   (You took it off Blork the orc on level 5 of the Dungeon)
 G - a wand of mindburst (13)
   (You found it on level 9 of the Dungeon)
 O - a wand of polymorph (3)
   (You found it on level 2 of the Lair of Beasts)
 V - a wand of flame (8)
   (You found it on level 4 of the Lair of Beasts)
Scrolls
 p - a scroll of enchant armour
 q - 4 scrolls of fog
 s - a scroll of immolation
 t - 2 scrolls of blinking {unknown}
 x - a scroll of summoning
 C - a scroll of fear
 E - a scroll of vulnerability
 F - a scroll of silence {unknown}
 T - 6 scrolls of teleportation
Potions
 d - 5 potions of might
 j - a potion of magic
 l - 4 potions of mutation {!q}
 m - 2 potions of ambrosia
 r - a potion of invisibility {unknown}
 u - 2 potions of heal wounds
 v - a potion of resistance
 w - 7 potions of flight
 z - 2 potions of cancellation
 A - a potion of brilliance {unknown}
 H - 2 potions of haste
 N - a potion of berserk rage {unknown}
 Q - 7 potions of curing {@q1}


   Skills:
 + Level 9.8(14.8) Fighting
 + Level 10.7(15.7) Axes
 + Level 8.9(13.9) Armour
 + Level 8.3(13.3) Dodging
 + Level 9.0(14.0) Shields
 - Level 6.0 Invocations


You had 11 spell levels left.
You didn't know any spells.
Your spell library contained the following spells:

 Spells                   Type           Power      Damage    Failure   Level
 Kiss of Death            Conj/Necr      0%         2d5       77%         1
 Static Discharge         Conj/Air       0%         2-2/arc   88%         2
 Confusing Touch          Hex            0%         N/A       98%         3
 Ignite Poison            Fire/Tmut/Pois 0%         N/A       98%         3
 Airstrike                Air            0%         2d(0-16)  100%        4
 Dispel Undead            Necr           0%         3d6       100%        4
 Sticky Flame             Conj/Fire      0%         2d3       100%        4
 Ignition                 Fire           0%         3d3       100%        8
 Summon Lightning Spire   Summ/Air       Unusable   N/A       N/A         4

Dungeon Overview and Level Annotations

Branches:
Dungeon (10/15)            Temple (0/1) D:4            Lair (4/5) D:10
  Swamp (0/4) Lair:3       Spider (0/4) Lair:2        Slime (0/5) Lair:4
  Sewer (visited)
    Orc: D:9-12

Altars:
Ashenzari
Fedhas
Hepliaklqana
Okawaru
Jiyva

Shops:
D:10 *

Annotations:
D:9 3 runed translucent doors, Caerwyn's ghost, novice TrMo


Innate Abilities, Weirdness & Mutations

You have very sharp fingernails.
You are partially covered in yellow scales. (AC +2)
You regenerate a little health from kills.
You regenerate magic rapidly.


Message History

You slice the water moccasin!! You burn the water moccasin!
You kill the water moccasin!
Okawaru accepts your kill.
You are engulfed in a cloud of scalding steam.
You see here a water moccasin corpse.
You completely miss the steam dragon. The steam dragon barely misses you. x2
You slash the steam dragon! You burn the steam dragon.
The steam dragon is heavily wounded.
The steam dragon bites you but does no damage.
The steam dragon claws you but does no damage.
You slash the steam dragon! You burn the steam dragon!
You kill the steam dragon!
Okawaru accepts your kill.
No target in view!
No target in view!
No target in view!
T - 6 scrolls of teleportation (gained 1)
Found an escape hatch in the ceiling.
Key pressed, stopping explore.
Key pressed, stopping explore.
C - 2 scrolls labelled CAASIE OLOOL (gained 1)
r - a clear potion You now have 873 gold pieces (gained 6).
Key pressed, stopping explore.
You now have 883 gold pieces (gained 10).
A cane toad comes into view.
As you read the scroll of identify {@r1}, it crumbles to dust.
C - 2 scrolls of fear A cane toad is nearby!
A cane toad is nearby!
A cane toad is nearby!
The cane toad closely misses you.
You slash the cane toad! You burn the cane toad!
The cane toad is severely wounded.
The cane toad stings you but does no damage.
The cane toad stings you!!
You hit the cane toad. You burn the cane toad.
The cane toad is severely wounded.
The cane toad closely misses you.
You slash the cane toad! You burn the cane toad.
You kill the cane toad!
Okawaru accepts your kill.
No target in view!
Key pressed, stopping explore.
No target in view!
A death yak comes into view.
The death yak bellows!
You hear a bellow!
The death yak moves out of view.
A death yak comes into view.
A death yak is nearby!
A death yak is nearby!
A death yak is nearby!
A death yak comes into view.
The death yak bellows!
A death yak comes into view.
Found 20 gold pieces.
The death yak bellows!
You gain the combat prowess of a mighty hero.
You slash the death yak! You burn the death yak.
The death yak is lightly wounded.
You hit the death yak. You burn the death yak. The death yak gores you! x2
You hit the death yak. You burn the death yak.
The death yak is lightly wounded.
You completely miss the death yak. You slash the death yak!
You burn the death yak.
The death yak gores you but does no damage.
You hit the death yak. You burn the death yak.
The death yak is moderately wounded.
You hit the death yak. You burn the death yak. You slash the death yak!
You burn the death yak. The death yak gores you!
You block the death yak's attack.
The death yak gores you but does no damage.
You hit the death yak but do no damage.
The death yak is moderately wounded.
You hit the death yak but do no damage. You hit the death yak.
You burn the death yak. You hit the death yak. You burn the death yak.
You block the death yak's attack. The death yak gores you!
* * * LOW HITPOINT WARNING * * *
The death yak completely misses you. You block the death yak's attack.
You slash the death yak! You burn the death yak.
The death yak is severely wounded.
You slash the death yak! You burn the death yak. You hit the death yak.
You burn the death yak. You hit the death yak. You burn the death yak.
The death yak gores you!
* * * LOW HITPOINT WARNING * * *
The death yak gores you but does no damage.
The death yak gores you!
* * * LOW HITPOINT WARNING * * *
The death yak gores you.
* * * LOW HITPOINT WARNING * * *
You are too injured to fight recklessly!
As you read the scroll of fear, it crumbles to dust.
You assume a fearsome visage.
The death yak resists with almost no effort.
The death yak resists with some effort. x3; The death yak gores you!
* * * LOW HITPOINT WARNING * * *
You block the death yak's attack. The death yak gores you!
* * * LOW HITPOINT WARNING * * *
The death yak gores you!!
You die...

........... ..........
$........ . .......##
.... ##......#.P..# #
#.......#P...# ... #.
#..YY.......###...
...##P.Y@Y###....#...
.........##.........
..##......#......# #
#P....##.....#
.##.....##....#.....
..........##.#.#.....##
...................~.~.#
.................~~≈≈~~.~
.^....#..........≈≈≈≈≈~~~


You could see 4 death yaks.

Vanquished Creatures
  Snorg (Lair:3)
  Harold (Lair:2)
  2 hydras (Lair:2)
  3 two-headed ogres
  Nergalle (Lair:1)
  Sonja (Lair:1)
  A bog body (Lair:3)
  A wolf spider (Lair:2)
  12 elephants
  A black mamba (Lair:2)
  3 cane toads
  A torpor snail (Lair:2)
  3 komodo dragons
  A troll (D:9)
  A meliai (Lair:2)
  A polar bear (Lair:2)
  Grinder (D:5)
  Prince Ribbit (D:8)
  2 hornets
  11 blink frogs
  A wyvern (Lair:3)
  A basilisk (Lair:2)
  14 yaks
  A steam dragon (Lair:4)
  10 water moccasins
  An orc warrior (D:10)
  2 ice beasts
  2 black bears
  A sky beast (D:5)
  A centaur (D:4)
  5 ogres
  5 wolves
  4 kobold brigands
  11 bullfrogs
  Blork the orc (D:5)
  A gnoll sergeant (D:6)
  11 wights
  29 killer bees
  An electric eel (D:8)
  7 orc priests
  3 jellies
  A gnoll bouda (D:10)
  2 sleepcaps
  5 hell rats (Lair:2)
  7 orc wizards
  Terence (D:2)
  Robin (D:2)
  12 gnolls
  4 river rats
  28 adders
  A shadow imp (D:5)
  A white imp (D:5)
  6 worms (D:4)
  4 dart slugs
  27 orcs
  9 ball pythons
  10 bats
  17 endoplasms
  2 giant cockroaches (Sewer)
  17 goblins
  7 hobgoblins
  4 jackals
  4 quokkas
  6 frilled lizards
  22 kobolds
  8 rats
367 creatures vanquished.

Vanquished Creatures (others)
  12 fungi
  29 plants
41 creatures vanquished.

Grand Total: 408 creatures vanquished

Notes
Turn   | Place    | Note
-------+----------+-------------------------------------------
     0 | D:1      | Dani the Demonspawn Fighter began the quest for the Orb.
     0 | D:1      | Reached XP level 1. HP: 18/18 MP: 1/1
    65 | D:1      | Reached skill level 2 in Axes
   294 | D:1      | Gained mutation: You regenerate magic rapidly. [demonic
                  | ancestry]
   294 | D:1      | Reached XP level 2. HP: 24/24 MP: 2/2
   827 | D:1      | Reached skill level 3 in Axes
   977 | D:2      | Reached XP level 3. HP: 28/29 MP: 3/3
  1082 | D:2      | Gained mutation: You regenerate a little health from kills.
                  | [demonic ancestry]
  1082 | D:2      | Reached XP level 4. HP: 18/35 MP: 4/4
  1162 | D:2      | Reached skill level 4 in Axes
  1170 | D:2      | Noticed Robin
  1266 | D:2      | Killed Robin
  1361 | D:2      | Identified the ring of Tauziepp {Ice rCorr Str+3}
  1793 | D:2      | Noticed Terence
  1803 | D:2      | Killed Terence
  1804 | D:2      | Gained mutation: You are partially covered in yellow
                  | scales. (AC +2) [demonic ancestry]
  1804 | D:2      | Reached XP level 5. HP: 12/41 MP: 5/5
  2308 | D:3      | Identified a scroll of acquirement
  2308 | D:3      | Acquired the scarf of Meiben {repulsion, rElec rC+ Str-5
                  | Slay+5}
  2481 | D:3      | Reached skill level 5 in Axes
  2728 | D:3      | Found an iron altar of Okawaru.
  2739 | D:3      | Became a worshipper of Warmaster Okawaru
  2774 | D:3      | You fall into a shaft and drop 3 floors!
  2787 | D:6      | Identified the +10 spear of Voeb {venom, Int+3}
  2790 | D:6      | Noticed an ogre
  2792 | D:6      | Killed an ogre
  2853 | D:6      | Reached skill level 6 in Axes
  2853 | D:6      | Reached XP level 6. HP: 37/47 MP: 6/6
  2935 | D:6      | Reached * piety under Okawaru
  3058 | D:6      | Found a broken altar of Ashenzari.
  3058 | D:6      | Found a blossoming altar of Fedhas.
  3113 | D:6      | Reached skill level 1 in Invocations
  3130 | D:6      | Reached skill level 3 in Shields
  3130 | D:6      | Reached XP level 7. HP: 29/52 MP: 7/7
  3155 | D:6      | Reached skill level 3 in Armour
  3155 | D:6      | Reached skill level 1 in Dodging
  3200 | D:6      | Reached skill level 2 in Invocations
  3441 | D:6      | Reached ** piety under Okawaru
  3455 | D:5      | Entered Level 5 of the Dungeon
  3583 | D:4      | Gained mutation: You have sharp fingernails. [demonic
                  | ancestry]
  3583 | D:4      | Reached XP level 8. HP: 57/60 MP: 10/10
  3626 | D:4      | Found a staircase to the Ecumenical Temple.
  3723 | D:4      | Reached skill level 4 in Fighting
  3723 | D:4      | Reached skill level 7 in Axes
  3726 | D:4      | Reached skill level 2 in Dodging
  3726 | D:4      | Reached skill level 3 in Invocations
  3852 | D:4      | Found a glowing drain.
  3868 | Sewer    | Entered a sewer
  4169 | Sewer    | Reached skill level 4 in Armour
  4516 | D:4      | Reached skill level 4 in Shields
  4516 | D:4      | Reached skill level 4 in Invocations
  5261 | D:5      | Noticed Blork the orc
  5267 | D:5      | Killed Blork the orc
  5341 | D:5      | Reached *** piety under Okawaru
  5342 | D:5      | Reached skill level 3 in Dodging
  5462 | D:5      | Noticed Grinder
  5468 | D:5      | Paralysed by Grinder for 2 turns
  5469 | D:5      | Killed Grinder
  5470 | D:5      | Reached skill level 5 in Fighting
  5470 | D:5      | Reached XP level 9. HP: 68/68 MP: 12/12
  5980 | D:7      | Reached skill level 5 in Invocations
  6102 | D:7      | Reached **** piety under Okawaru
  6208 | D:7      | Reached skill level 5 in Armour
  6629 | D:8      | Noticed a two-headed ogre
  6638 | D:8      | Killed a two-headed ogre
  6638 | D:8      | Reached ***** piety under Okawaru
  6639 | D:8      | Reached skill level 8 in Axes
  6639 | D:8      | Reached skill level 4 in Dodging
  6639 | D:8      | Reached skill level 5 in Shields
  6639 | D:8      | Reached skill level 6 in Invocations
  6645 | D:8      | Found a hazy altar of Hepliaklqana.
  6700 | D:8      | HP: 12/67 [wight/+3 battleaxe of freezing (15)]
  6892 | D:8      | Reached skill level 6 in Fighting
  6902 | D:8      | Reached XP level 10. HP: 48/76 MP: 14/14
  7110 | D:8      | Noticed Prince Ribbit
  7120 | D:8      | Killed Prince Ribbit
  7557 | D:8      | Noticed a two-headed ogre
  7564 | D:8      | Killed a two-headed ogre
  7565 | D:8      | Reached skill level 6 in Shields
  7763 | D:9      | Reached skill level 5 in Dodging
  7769 | D:9      | Reached skill level 6 in Armour
  8210 | D:9      | Found a runed translucent gate.
  8211 | D:9      | Found a runed translucent gate.
  8211 | D:9      | Found a runed translucent gate.
  8212 | D:9      | Noticed Caerwyn's ghost (novice TrMo)
  8447 | D:10     | Entered Level 10 of the Dungeon
  8611 | D:10     | Found a staircase to the Lair.
  8781 | D:10     | Reached skill level 7 in Fighting
  8822 | D:10     | Noticed a two-headed ogre
  8828 | D:10     | HP: 9/79 [two-headed ogre/+0 dire flail (23)]
  8830 | D:10     | Killed a two-headed ogre
  8830 | D:10     | Received a gift from Okawaru
  9197 | D:10     | Found Kykievef's Assorted Antiques.
  9527 | Lair:1   | Entered Level 1 of the Lair of Beasts
  9627 | Lair:1   | Noticed Sonja
  9635 | Lair:1   | Killed Sonja
  9636 | Lair:1   | Reached skill level 9 in Axes
  9636 | Lair:1   | Reached XP level 11. HP: 84/84 MP: 13/15
  9694 | Lair:1   | Reached skill level 6 in Dodging
  9803 | Lair:1   | Noticed Nergalle
  9817 | Lair:1   | Killed Nergalle
  9818 | Lair:1   | Reached skill level 7 in Shields
 10130 | Lair:2   | Noticed a six-headed hydra
 10140 | Lair:2   | Killed a six-headed hydra
 10141 | Lair:2   | Reached skill level 7 in Armour
 10297 | Lair:2   | Noticed an eight-headed hydra
 10306 | Lair:2   | Killed an eight-headed hydra
 10460 | Lair:2   | Noticed a wolf spider
 10473 | Lair:2   | Killed a wolf spider
 10582 | Lair:2   | Reached skill level 8 in Fighting
 10981 | Lair:2   | Found a hole to the Spider Nest.
 11053 | Lair:2   | Received a gift from Okawaru
 11773 | Lair:2   | Reached skill level 7 in Dodging
 11971 | Lair:2   | Noticed Harold
 11983 | Lair:2   | Killed Harold
 12416 | Lair:2   | Reached skill level 8 in Shields
 12416 | Lair:2   | Gained mutation: You have very sharp fingernails. [demonic
                  | ancestry]
 12416 | Lair:2   | Reached XP level 12. HP: 81/94 MP: 16/16
 12427 | Lair:3   | Reached skill level 10 in Axes
 12427 | Lair:3   | Reached skill level 8 in Armour
 12578 | Lair:3   | Identified the +1 ring mail of Surprise {*Corrode rPois
                  | rN+} (Okawaru gifted it to you on level 3 of the Lair of
                  | Beasts)
 12578 | Lair:3   | Received a gift from Okawaru
 12579 | Lair:3   | Reached skill level 9 in Fighting
 12798 | Lair:3   | Found a staircase to the Swamp.
 12865 | Lair:3   | HP: 12/95 [elephant (12)]
 12866 | Lair:3   | HP: 1/95 [elephant (9)]
 12871 | Lair:3   | HP: 22/95 [elephant (4)]
 13178 | Lair:3   | Noticed Snorg
 13190 | Lair:3   | Killed Snorg
 13372 | Lair:4   | Reached skill level 8 in Dodging
 13404 | Lair:4   | Found a staircase to the Slime Pits.
 13405 | Lair:4   | Found a viscous altar of Jiyva.
 13599 | Lair:4   | Reached skill level 9 in Shields
 13728 | Lair:4   | Noticed a death yak
 13729 | Lair:4   | Noticed a death yak
 13729 | Lair:4   | Noticed a death yak
 13730 | Lair:4   | Noticed a death yak
 13739 | Lair:4   | HP: 17/97 [death yak (11)]
 13739 | Lair:4   | HP: 2/97 [death yak (15)]
 13739 | Lair:4   | Demolished by a death yak

Illustrated notes

Levels and vault maps discovered:
D:1:      lightli_arrival_isolated_outpost, layout_loops_corners,
          nicolae_kite_square_tiling_tiny
D:2:      layout_loops_cross, minmay_misc_feat_rows, uniq_robin, uniq_terence
D:3:      layout_basic, lemuel_coloured_pillars_altar
D:4:      layout_loops_ring, mainiacjoe_overflow_alcove_2,
          minmay_temple_entry_gardened_gates, lightli_sewer_entry_pipes,
          st_stairs_3, kennysheep_generic_room_3
D:5:      layout_basic, serial_corexii_hall, chequers_hall_statues_wall_a,
          corexii_hall_statues_x, corexii_hall_statues_x,
          chequers_hall_statues_wall_a, moated_statue, supply_closet_lemuel,
          uniq_blork_the_orc, uniq_grinder
D:6:      layout_loops_ring, gammafunk_temple_overflow_elements, minivault_27,
          minmay_misc_feat_hallway
D:7:      layout_rooms
D:8:      layout_gridville, nzn_hepliaklqana_mist_gate, minivault_4,
          uniq_prince_ribbit1
D:9:      layout_roguey, gammafunk_ghost_nasty_kobolds, kennysheep_small_circle
D:10:     layout_loops_ring, lair_entry_dummy, serial_shops, shop_statue
Lair:1:   layout_hall_layers, grunt_megastairs_2, uniq_nergalle, uniq_sonja
Lair:2:   minmay_lair_venomous_thicket, layout_cellular_growth,
          hellmonk_spider_entry_not_the_bees, uniq_harold
Lair:3:   layout_misc_corridors, skrybe_swamp_entry_bodies, uniq_snorg
Lair:4:   layout_regular_city, nicolae_slime_entry_slimehenge,
          chequers_serial_rivers_small_a, infiniplex_staircase_pool_2

Skill      XL: |  1  2  3  4  5  6  7  8  9 10 11 12 |
---------------+-------------------------------------+-----
Axes           | 2 3 4 6 7 8 9 10 | 10.7
Invocations    | 1 2 4 6 |  6.0
Shields        | 3 4 5 6 8 9 |  9.0
Armour         | 3 4 5 6 7 8 |  8.9
Dodging        | 1 3 4 5 7 8 |  8.3
Fighting       | 5 6 7 8 9 |  9.8

Action                     |  1- 3 |  4- 6 |  7- 9 | 10-12 || total
---------------------------+-------+-------+-------+-------++-------
  Melee: War axe           |    81 |   115 |       |       ||   196
         Spear             |       |    31 |   326 |   445 ||   802
         Broad axe         |       |       |       |    92 ||    92
  Throw: Dart              |       |       |     8 |     8 ||    16
 Invoke: Heroism           |       |       |     1 |    18 ||    19
  Evoke: Wand              |       |       |       |     2 ||     2
    Use: Scroll            |     2 |     4 |     7 |     7 ||    20
         Potion            |       |     1 |       |     1 ||     2
 Armour: Scale mail        |    45 |    70 |    89 |   136 ||   340
  Dodge: Dodged            |    39 |    63 |    84 |   240 ||   426
         Repelled          |       |       |     2 |       ||     2
  Block: Buckler           |    19 |    31 |    47 |   175 ||   272
         Reflection        |       |       |       |     1 ||     1

Levels and vault maps discovered:
D:1:      lightli_arrival_isolated_outpost, layout_loops_corners,
          nicolae_kite_square_tiling_tiny
D:2:      layout_loops_cross, minmay_misc_feat_rows, uniq_robin, uniq_terence
D:3:      layout_basic, lemuel_coloured_pillars_altar
D:4:      layout_loops_ring, mainiacjoe_overflow_alcove_2,
          minmay_temple_entry_gardened_gates, lightli_sewer_entry_pipes,
          st_stairs_3, kennysheep_generic_room_3
D:5:      layout_basic, serial_corexii_hall, chequers_hall_statues_wall_a,
          corexii_hall_statues_x, corexii_hall_statues_x,
          chequers_hall_statues_wall_a, moated_statue, supply_closet_lemuel,
          uniq_blork_the_orc, uniq_grinder
D:6:      layout_loops_ring, gammafunk_temple_overflow_elements, minivault_27,
          minmay_misc_feat_hallway
D:7:      layout_rooms
D:8:      layout_gridville, nzn_hepliaklqana_mist_gate, minivault_4,
          uniq_prince_ribbit1
D:9:      layout_roguey, gammafunk_ghost_nasty_kobolds, kennysheep_small_circle
D:10:     layout_loops_ring, lair_entry_dummy, serial_shops, shop_statue
Lair:1:   layout_hall_layers, grunt_megastairs_2, uniq_nergalle, uniq_sonja
Lair:2:   minmay_lair_venomous_thicket, layout_cellular_growth,
          hellmonk_spider_entry_not_the_bees, uniq_harold
Lair:3:   layout_misc_corridors, skrybe_swamp_entry_bodies, uniq_snorg
Lair:4:   layout_regular_city, nicolae_slime_entry_slimehenge,
          chequers_serial_rivers_small_a, infiniplex_staircase_pool_2

Table legend: (Time is in decaauts)
 A = Elapsed time spent in this place.
 B = Non-inter-level travel time spent in this place.
 C = Inter-level travel time spent in this place.
 D = Time resting spent in this place.
 E = Time spent auto-exploring this place.
 F = Levels seen in this place.
 G = Mean time per level.
                   A        B        C        D        E       F      G
               +--------+--------+--------+--------+--------+-----+--------+
         Total |  13891 |  13479 |    412 |    118 |  10899 |  15 |  926.1 |
       Dungeon |   9086 |   8752 |    334 |    100 |   6948 |  10 |  908.6 |
          Lair |   4136 |   4058 |     78 |     18 |   3403 |   4 | 1034.0 |
         Sewer |    668 |    668 |      0 |      0 |    547 |   1 |  668.0 |
               +--------+--------+--------+--------+--------+-----+--------+

Top non-repeatable levels by time:
  Lair:2: 2391 daAuts
     D:8: 1156 daAuts
     D:2: 1111 daAuts
     D:1: 1080 daAuts
    D:10: 1068 daAuts
     D:4: 1035 daAuts
     D:6: 1006 daAuts
  Lair:3: 806 daAuts
     D:9: 733 daAuts
   Sewer: 668 daAuts
     D:3: 663 daAuts
     D:5: 641 daAuts
     D:7: 589 daAuts
  Lair:1: 557 daAuts
  Lair:4: 381 daAuts

Table legend:
 A = Kills in this place as a percentage of kills in the entire game.
 B = Kills by you in this place as a percentage of kills by you in the entire game.
 C = Kills by friends in this place as a percentage of kills by friends in the entire game.
 D = Other kills in this place as a percentage of other kills in the entire game.
 E = Experience gained in this place as a percentage of experience gained in the entire game.
 F = Experience gained in this place divided by the number of levels of this place that you have seen.
                   A       B       C       D       E      F
               +-------+-------+-------+-------+-------+----------------------
         Total | 100.0 | 100.0 |   N/A |   N/A | 100.0 | 2385.0
       Dungeon |  64.6 |  64.6 |   N/A |   N/A |  29.1 | 1040.4
          Lair |  28.3 |  28.3 |   N/A |   N/A |  70.5 | 6306.8
         Sewer |   7.1 |   7.1 |   N/A |   N/A |   0.4 | 144.0
               +-------+-------+-------+-------+-------+----------------------
